 Dungeon Crawl Stone Soup version 0.21.0 (webtiles) character file.

130 Matudinoluver the Digger (level 5, -3/28 HPs)
             Began as a Gargoyle Earth Elementalist on May 10, 2018.
             Was an Initiate of Sif Muna.
             Slain by a worker ant (5 damage)
             ... on level 4 of the Dungeon on May 18, 2018.
             The game lasted 00:43:40 (2083 turns).

Matudinoluver the Digger (GrEE)                     Turns: 2083, Time: 00:43:40

Health: -3/28      AC:  7    Str: 11    XL:     5   Next: 14%
Magic:  0/9        EV: 13    Int: 17    God:    Sif Muna [......]
Gold:   107        SH:  0    Dex: 10    Spells: 2/10 levels left

rFire    . . .     SeeInvis .   f - +0 mace
rCold    . . .     Gourm    .   (no shield)
rNeg     + . .     Faith    .   j - +0 leather armour
rPois    ∞         Spirit   +   (helmet restricted)
rElec    +         Reflect  .   (no cloak)
rCorr    .         Harm     .   (no gloves)
MR       .....                  (no boots)
Stlth    ++........             a - amulet of guardian spirit
HPRegen  0.09/turn              (no ring)
MPRegen  0.11/turn              (no ring)

@: about to teleport, very slightly contaminated, hasted, very quick
A: antennae 1, repulsion field 1, negative energy resistance 1, electricity
resistance, unbreathing, petrification resistance, rot immunity, AC +4
a: Renounce Religion


You were on level 4 of the Dungeon.
You worshipped Sif Muna.
Sif Muna was noncommittal.
You were not hungry.

You visited 1 branch of the dungeon, and saw 4 of its levels.

You collected 107 gold pieces.

Inventory:

Hand Weapons
 f - a +0 mace (weapon)
 g - a +0 whip
 p - a +0 dagger
Missiles
 b - 70 stones (quivered)
Armour
 c - a +0 robe
 i - a +0 helmet
 j - a +0 leather armour (worn)
 k - a +0 scale mail
Jewellery
 a - an amulet of guardian spirit (around neck)
 n - a +2 ring of protection {unknown}
Scrolls
 h - 3 scrolls of identify
 l - a scroll of teleportation
Books
 e - a book of Geomancy

   Spells                             Type                      Level
   a - Sandblast                      Earth                        1
   b - Passwall                       Transmutation/Earth          2
   c - Stone Arrow                    Conjuration/Earth            3
   d - Petrify                        Transmutation/Earth          4
   e - Lee's Rapid Deconstruction     Earth                        5
Comestibles
 d - 3 rations
 m - 2 chunks of flesh


   Skills:
 + Level 1.0 Maces & Flails
 + Level 0.4 Armour
 + Level 2.0 Dodging
 + Level 2.2 Stealth
 + Level 3.2 Spellcasting
 + Level 0.7 Transmutations
 + Level 5.2 Earth Magic


You had 2 spell levels left.
You knew the following spells:

 Your Spells              Type           Power        Failure   Level  Hunger
a - Sandblast             Erth           ###...       2%          1    None
b - Stone Arrow           Conj/Erth      ##....       22%         3    ###....
c - Petrify               Tmut/Erth      ##......     54%         4    ####...


Dungeon Overview and Level Annotations

Branches:
Dungeon (4/15)
 Temple: D:4-7

Altars:
Cheibriados
Fedhas
Gozag
Okawaru
Sif Muna
Zin

Shops:
D:4 !

Annotations:
D:4 Robin


Innate Abilities, Weirdness & Mutations

You are resistant to torment.
Your stone body is resilient. (AC +4)
You are immune to poison.
You resist negative energy. (rN+)
You are resistant to electric shocks. (rElec)
You can survive without breathing.
You are immune to petrification.
You are immune to rotting.
You have a pair of small antennae on your head.
You are surrounded by a mild repulsion field. (EV +2)


Message History

A hobgoblin comes into view. It is wielding a club.
You barely miss the hobgoblin. The worker ant barely misses you.
The hobgoblin barely misses you. The goblin closely misses you.
The worker ant bites you but does no damage.
Robin of the Strong Arm comes into view.
She is wielding a dagger.
You closely miss the hobgoblin. The worker ant bites you.
* * * LOW HITPOINT WARNING * * *
The hobgoblin barely misses you.
You hit the hobgoblin.
The hobgoblin is moderately wounded.
The worker ant bites you but does no damage.
The goblin hits you but does no damage. The worker ant closely misses you.
As you read the scroll labeled WINTAL UTSOFU, it crumbles to dust.
You feel strangely unstable.
It was a scroll of teleportation.
The worker ant closely misses you.
The hobgoblin hits you but does no damage.
The worker ant closely misses you. The goblin hits you but does no damage.
A goblin comes into view. It is wielding a dagger.
The worker ant closely misses you. The worker ant bites you.
You die...

#.. ... #.. .. #.. .#
#.###.# ## #..#..#
g.. #####....# ....
......%.#########
{g....
#..........a##gg....
##..#.$#####a@ggg....
#..###.# ###ggS....
#..# #.#


gs..... ##..# #.# #...... ###..## #.. #..... .....#####. ..##. .........#.# ##
#.≈≈≈.##.... #≈≈≈≈≈# .. You could see 2 worker ants, Robin, an adder, a giant
cockroach, 3 hobgoblins and 6 goblins.

Vanquished Creatures
  A gnoll (D:1)
  4 adders
  An ooze (D:1)
  3 worms
  3 dart slugs
  3 leopard geckos
  3 orcs
  A ball python (D:2)
  13 bats
  4 giant cockroaches
  10 goblins
  A hobgoblin (D:2)
  A quokka (D:2)
  3 frilled lizards
  5 kobolds
  3 rats
59 creatures vanquished.

Notes
Turn   | Place    | Note
-------+----------+-------------------------------------------
     0 | D:1      | Matudinoluver the Gargoyle Earth Elementalist began the quest for the Orb.
     0 | D:1      | Reached XP level 1. HP: 10/10 MP: 3/3
    25 | D:1      | Reached skill level 4 in Earth Magic
    25 | D:1      | Reached XP level 2. HP: 15/15 MP: 0/5
   112 | D:1      | Learned a level 2 spell: Passwall
   217 | D:1      | Reached XP level 3. HP: 17/19 MP: 2/6
   991 | D:2      | Reached XP level 4. HP: 24/24 MP: 5/7
  1107 | D:3      | Learned a level 3 spell: Stone Arrow
  1141 | D:3      | Learned a level 4 spell: Petrify
  1178 | D:3      | Reached skill level 5 in Earth Magic
  1250 | D:3      | Gained mutation: You are surrounded by a mild repulsion field. (EV +2) [potion of mutation]
  1250 | D:3      | Gained mutation: You have a pair of small antennae on your head. [potion of mutation]
  1440 | D:3      | Found an iron altar of Okawaru.
  1754 | D:3      | Found a deep blue altar of Sif Muna.
  1766 | D:3      | Reached XP level 5. HP: 28/28 MP: 0/9
  1769 | D:3      | Became a worshipper of Sif Muna the Loreminder
  1817 | D:3      | Reached skill level 1 in Maces & Flails
  1833 | D:3      | Found a blossoming altar of Fedhas.
  1842 | D:3      | Found an opulent altar of Gozag.
  1879 | D:3      | Found a glowing silver altar of Zin.
  2022 | D:4      | Found Maeseif's Distillery.
  2043 | D:4      | Found a snail-covered altar of Cheibriados.
  2080 | D:4      | Noticed Robin
  2083 | D:4      | Slain by a worker ant

Skill      XL: |  1  2  3  4  5 |
---------------+----------------+-----
Earth Magic    | 4 5 |  5.2
Spellcasting   | 3 |  3.2
Maces & Flails | 1 |  1.0
Dodging        | 2 |  2.0
Armour         | |  0.4
Stealth        | |  2.2
Transmutations | |  0.7

Action                   |  1- 3 |  4- 6 || total
-------------------------+-------+-------++-------
Melee: Whip              |    17 |       ||    17
       Unarmed           |     8 |       ||     8
       Mace              |     1 |    44 ||    45
 Cast: Sandblast         |    35 |    23 ||    58
       Stone Arrow       |       |    11 ||    11
  Use: Potion            |     2 |     4 ||     6
       Scroll            |     2 |     1 ||     3
  Eat: Ration            |       |     2 ||     2
Armor: Robe              |    11 |       ||    11
       Leather armour    |     5 |    50 ||    55
Dodge: Dodged            |    34 |    93 ||   127
